Description

Defend with early queens and speed roaches. Delay the 3rd to tech fast. Use infestors instead of banelings for AoE. Power spike when chitinous plating is done.

VOD

https://www.youtube.com/watch?v=RtKf5AF6z5o

Build Order

Get SALT Encoding   

  14  0:14  Drone  Extractor Trick
  15  0:35  Hatchery  
  14  0:39  Drone  Extractor Trick
  15  0:47  Overlord  
  15  1:00  Spawning Pool  
  20  1:41  Extractor  
  19  1:47  Queen x2  
  27  2:09  Overlord  
  30  2:28  Queen x2  
  34  2:35  Overlord  
  36  2:45  Overlord  
  44  3:09  Lair  
  44  3:17  Roach Warren  
  47  3:35  Hatchery  
  49  3:42  Extractor x3  
  51  3:53  Evolution Chamber  
  51  3:55  Overlord  
  52  4:06  Glial Reconstitution  
  52  4:07  Overseer  Scout + Contaminate at 6:00
  52  4:09  Overlord  
  54  4:15  Roach x3  
  60  3:29  Roach x3  
  60  4:22  Overlord x2  
  66  4:37  Zerg Ground Armor Level 1  
  68  4:42  Roach x2  
  74  4:52  Overlord  
  76  4:56  Roach x5  
  90  5:24  Infestation Pit  
  90  5:25  Extractor x2  
  97  5:43  Overlord x2  
  98  5:50  Overlord x2  
  98  6:00  Hive  
  102  6:01  Infestor x2  Pig would prefer 4
  105  6:05  Metabolic Boost  
  121  6:33  Hatchery  
  119  6:40  Evolution Chamber, Zerg Ground Armor Level 2  
  137  7:05  Zerg Melee Weapons Level 1  
  142  7:15  Ultralisk Cavern  
  165  8:05  Chitinous Plating  
Spawning Tool Build Advisor. Get it on Overwolf

Go to:

Details

  • Created by: m0hawk  
  • Published on: Jun 04, 2025
  • Modified on: Jun 04, 2025
  • Patch: 5.0.11
  • Difficulty: Medium
Show
View Real Time Build Order
Export as new Build Order

Comments (0)

There are no comments. Be the first!

Create an account to comment!